 Dungeon Crawl Stone Soup version 0.25-a0-940-gc6eaff51cc (webtiles) character file.

Game seed: 8598388650977573067, levelgen mode: deterministic

81 Quilogy the Shield-Bearer (level 4, -8/42 HPs)
             Began as a Deep Dwarf Fighter on May 5, 2020.
             Mangled by a hornet (12 damage)
             ... on level 2 of the Dungeon.
             The game lasted 00:08:02 (2005 turns).

Quilogy the Shield-Bearer (Deep Dwarf Fighter)      Turns: 2005, Time: 00:08:03

Health: -8/42      AC: 10    Str: 20    XL:     4   Next: 20%
Magic:  4/4        EV:  5    Int:  9    God:
Gold:   73         SH:  9    Dex: 12    Spells: 3/3 levels left

rFire    . . .     SeeInvis +   a - +0 war axe
rCold    . . .     Gourm    .   c - +0 kite shield
rNeg     . . .     Faith    .   m - +0 chain mail (curse)
rPois    .         Spirit   .   (no helmet)
rElec    .         Reflect  .   (no cloak)
rCorr    .         Harm     .   (no gloves)
MR       .....                  i - +0 pair of boots
Stlth    ..........             (no amulet)
HPRegen  0.00/turn              p - ring of see invisible
MPRegen  0.09/turn              (no ring)

@: lethally poisoned (-8 -> -8), non-regenerating, slowed, very slow
A: damage resistance, heal wounds, sense surroundings 1, no regeneration
a: Heal Wounds


You were on level 2 of the Dungeon.
You were not hungry.

You visited 1 branch of the dungeon, and saw 2 of its levels.

You collected 73 gold pieces.

Inventory:

Hand Weapons
 a - a +0 war axe (weapon)
Missiles
 r - 8 silver javelins (quivered)
Armour
 b - a +0 scale mail
 c - a +0 kite shield (worn)
 i - a +0 pair of boots (worn)
 m - a cursed +0 chain mail (worn)
Jewellery
 p - a ring of see invisible (left hand)
 s - a +5 amulet of reflection {unknown}
Scrolls
 e - 2 scrolls of identify {unknown}
 h - a scroll of magic mapping {unknown}
 j - a scroll of remove curse {unknown}
 k - a scroll of fear {unknown}
 l - a scroll of immolation {unknown}
 n - a scroll of random uselessness {unknown}
Potions
 d - a potion of might
 g - a potion of resistance {unknown}
 o - a potion of mutation {unknown}
Comestibles
 f - 3 rations
 q - 2 chunks of flesh


   Skills:
 + Level 3.1 Fighting
 + Level 3.5 Axes
 + Level 3.8 Armour
 + Level 0.2 Dodging
 + Level 3.9 Shields


You had 3 spell levels left.
You didn't know any spells.
Your spell library was empty.

Dungeon Overview and Level Annotations

Branches:
Dungeon (2/15)

Altars:
Kikubaaqudgha
Trog
Xom


Innate Abilities, Weirdness & Mutations

You are resistant to damage.
You can heal yourself by infusing magical energy.
You passively map a small area around you.
You do not regenerate.


Message History

You feel yourself speed up. The hornet barely misses you.
The hornet stings you.
You feel yourself slow down.
You closely miss the hornet.
The hornet is lightly wounded.
You feel yourself speed up. You block the hornet's attack.
The hornet stings you.
* * * LOW HITPOINT WARNING * * *
You feel yourself slow down.
The hornet stings you but does no damage.
The hornet stings you.
You feel as though you will be slow longer.
The hornet stings you but does no damage.
You block the hornet's attack.
There is a stone staircase leading down here.
The hornet stings you!
* * * LOW HITPOINT WARNING * * *
You feel as though you will be slow longer.
The hornet stings you!
You die...

##.###..###.#..######
#..#....._#.#....#..[
#..###..###.#.##.##.#
#..#......#....#.....
#..###..###.#..###...
#..##....⌠#..........
#..##._8###....###...
#..########......###.
#..y@.....#........##
#........##..#.......
####.........#.....##
#..#.###..#...###.
#..#.....<..###...
#..######.#.....##
#....# #.#...###.
#.##.####.#.###...
#.##..........###.


You could see a hornet.

Vanquished Creatures
  A worker ant (D:2)
  2 adders (D:2)
  A worm (D:2)
  A dart slug (D:1)
  A leopard gecko (D:1)
  A giant cockroach (D:2)
  4 goblins
  5 hobgoblins
  2 jackals (D:1)
  5 bats
  A frilled lizard (D:1)
  6 kobolds
  3 rats
33 creatures vanquished.

Notes
Turn   | Place    | Note
-------+----------+-------------------------------------------
     0 | D:1      | Quilogy the Deep Dwarf Fighter began the quest for the Orb.
     0 | D:1      | Reached XP level 1. HP: 20/20 MP: 1/1
   502 | D:1      | Reached XP level 2. HP: 25/27 MP: 2/2
  1081 | D:2      | Found a shimmering altar of Xom.
  1098 | D:2      | Reached XP level 3. HP: 26/33 MP: 3/3
  1133 | D:2      | Found a faded altar of an unknown god.
  1219 | D:2      | Reached XP level 4. HP: 22/42 MP: 4/4
  1552 | D:2      | Found a bloodstained altar of Trog.
  1552 | D:2      | Found an ancient bone altar of Kikubaaqudgha.
  1994 | D:2      | Noticed a hornet
  2005 | D:2      | Mangled by a hornet

Levels and vault maps discovered:
D:1:      co_arrival_square_in_a_square_in_a_square, layout_loops_corners,
          hangedman_decor_lopped
D:2:      minmay_door_path, layout_basic, xom_teletrap_fun, minitemple,
          first_ration, chequers_ecumenical_altar_simple, hangedman_glass_teeth,
          minmay_unequal

Skill      XL: |  1  2  3 |
---------------+----------+-----
Axes           | 3 |  3.5
Fighting       | 3 |  3.1
Armour         | |  3.8
Dodging        | |  0.2
Shields        | |  3.9

Action                   |  1- 3 |  4- 6 || total
-------------------------+-------+-------++-------
Melee: War axe           |    99 |    32 ||   131
  Eat: Chunk             |       |     4 ||     4
Armor: Scale mail        |    32 |       ||    32
       Chain mail        |    62 |    15 ||    77
Dodge: Dodged            |    33 |     6 ||    39
Block: Kite shield       |    88 |    24 ||   112

Table legend:
 A = Non-vault XP
 B = Vault XP
 C = Vault XP percentage of total XP
 D = Non-vault monster count
 E = Vault monster count
 F = Vault count percentage of total count
                 A         B        C        D         E       F
            +---------+---------+-------+---------+---------+-------
      Total |     116 |       1 |   0.9 |      32 |       1 |   3.0
            +---------+---------+-------+---------+---------+-------
        D:1 |      28 |       0 |   0.0 |      16 |       0 |   0.0
        D:2 |      88 |       1 |   1.1 |      16 |       1 |   5.9
            +---------+---------+-------+---------+---------+-------
